 Dungeon Crawl Stone Soup version 0.21.1-1-g345015f (webtiles) character file.

1692 kae the Insei (level 8, -7/67 (69) HPs)
             Began as a Pale Draconian Transmuter on Apr 19, 2018.
             Was a Follower of Wu Jian.
             Mangled by Joseph
             ... wielding a +0 quarterstaff
              (9 damage)
             ... on level 7 of the Dungeon.
             The game lasted 00:08:17 (6249 turns).

kae the Insei (Pale Draconian Transmuter)           Turns: 6249, Time: 00:08:18

HP:   -7/67 (69)    AC:  6    Str: 17    XL:     8   Next: 72%
MP:   23/24         EV: 12    Int: 15    God:    Wu Jian [*.....]
Gold: 280           SH:  0    Dex: 13    Spells: 10/16 levels left

rFire    . . .     SeeInvis .   e - +3 hand axe (elec)
rCold    . . .     Gourm    +   (no shield)
rNeg     . . .     Faith    .   (armour unavailable)
rPois    .         Spirit   .   (helmet restricted)
rElec    .         Reflect  .   (no cloak)
rCorr    .         Harm     .   (no gloves)
MR       .....                  (no boots)
Stlth    +.........             t - amulet of the gourmand
HPRegen  0.21/turn              i - +5 ring of strength
MPRegen  0.19/turn              d - ring of magical power

@: no status effects
A: breathe steam, unfitting armour, cold-blooded, AC +6
a: Breathe Steam, Renounce Religion


You were on level 7 of the Dungeon.
You worshipped Wu Jian.
Wu Jian was aware of your devotion.
You were completely stuffed.

You visited 2 branches of the dungeon, and saw 8 of its levels.

You collected 280 gold pieces.

Inventory:

Hand Weapons
 e - a +3 hand axe of electrocution (weapon)
Missiles
 a - 60 arrows
Jewellery
 d - a ring of magical power (right hand)
 i - a +5 ring of strength (left hand)
 p - an uncursed ring of magical power
 t - an amulet of the gourmand (around neck)
Wands
 u - a wand of digging (18)
Scrolls
 g - a scroll of teleportation
 h - a scroll of blinking
 l - 2 scrolls of immolation
 o - 2 scrolls of amnesia
 x - a scroll of remove curse
Potions
 f - 3 potions of haste
 j - a potion of berserk rage
 k - 2 potions of agility
 n - 4 potions of heal wounds
 r - a potion of mutation {unknown}
 s - 3 potions of might {unknown}
 v - 2 potions of resistance {unknown}
Books
 b - a book of Changes

   Spells                             Type                      Level
   a - Beastly Appendage              Transmutation                1
   b - Sticks to Snakes               Transmutation                2
   c - Spider Form                    Transmutation/Poison         3
   d - Ice Form                       Ice/Transmutation            4
   e - Blade Hands                    Transmutation                5
 m - a book of Cantrips

   Spells                             Type                      Level
   a - Confusing Touch                Hexes                        1
   b - Animate Skeleton               Necromancy                   1
   c - Summon Small Mammal            Summoning                    1
   d - Apportation                    Translocation                1
 q - a book of Misfortune

   Spells                             Type                      Level
   a - Confusing Touch                Hexes                        1
   b - Confuse                        Hexes                        3
   c - Gell's Gravitas                Translocation                3
   d - Petrify                        Transmutation/Earth          4
   e - Metabolic Englaciation         Hexes/Ice                    5
   f - Yara's Violent Unravelling     Hexes/Transmutation          5
 w - a book of Geomancy

   Spells                             Type                      Level
   a - Sandblast                      Earth                        1
   b - Passwall                       Transmutation/Earth          2
   c - Stone Arrow                    Conjuration/Earth            3
   d - Petrify                        Transmutation/Earth          4
   e - Lee's Rapid Deconstruction     Earth                        5
Comestibles
 c - 17 rations


   Skills:
 + Level 5.4 Fighting
 - Level 1.7 Dodging
 * Level 7.7 Unarmed Combat
 + Level 4.9 Spellcasting
 + Level 5.3 Transmutations


You had 10 spell levels left.
You knew the following spells:

 Your Spells              Type           Power        Failure   Level  Hunger
a - Beastly Appendage     Tmut           ###...       1%          1    None
b - Sticks to Snakes      Tmut           ###.....     2%          2    ##.....
c - Spider Form           Tmut/Pois      ##........   17%         3    ###....


Dungeon Overview and Level Annotations

Branches:
Dungeon (7/15)             Temple (1/1) D:4

Altars:
Ashenzari
Cheibriados
Dithmenos
Elyvilon
Fedhas
Hepliaklqana
Kikubaaqudgha
Makhleb
Nemelex Xobeh
Okawaru
Qazlal
Ru
Sif Muna
Trog
Uskayaw
Vehumet
Wu Jian
Xom
Yredelemnul
The Shining One

Shops:
D:5 [

Annotations:
D:7 Joseph


Innate Abilities, Weirdness & Mutations

You can breathe blasts of scalding, opaque steam.
Your pale cyan-grey scales are hard. (AC +6)
You cannot fit into any form of body armour.
You are cold-blooded and may be slowed by cold attacks.


Message History

Joseph is severely wounded.
Joseph misses you.
You barely miss Joseph.
Joseph is severely wounded.
Joseph hits you with an uncursed quarterstaff!
* * * LOW HITPOINT WARNING * * *
You hit Joseph.
Joseph looks as sick as possible!
Joseph is severely wounded.
Joseph hits you with an uncursed quarterstaff!
* * * LOW HITPOINT WARNING * * *
You hit Joseph.
Joseph looks as sick as possible!
Joseph is almost dead.
Your transformation has ended.
Your +3 hand axe of electrocution unmelds from your body.
You hear the crackle of electricity.
Joseph barely misses you.
You barely miss Joseph.
Joseph is almost dead.
Joseph hits you with an uncursed quarterstaff!
You die...

#.#.#### #.#....#
#.####.# #.####.#
#....#.#
############.#.#
#.........#..#.#
#.#####(#######.#..#.#
#...@@.(# #.##.#.#
######### #......#
#.##.### #.##.# ####.#
#.# #.# #.### #....


You could see Joseph.

Vanquished Creatures
  A necrophage (D:7)
  2 phantoms
  3 ogres
  3 bullfrogs
  3 howler monkeys
  A jelly (D:7)
  A crimson imp (D:7)
  A quasit (D:6)
  A centaur skeleton (D:6)
  A centaur zombie (D:7)
  5 hounds
  3 orc wizards
  A bullfrog skeleton (D:4)
  3 iguanas
  6 worker ants
  A hound zombie (D:6)
  2 hound skeletons
  A worker ant zombie (D:5)
  7 gnolls
  3 adders
  A shadow imp (D:5)
  An ooze (D:3)
  2 worms
  6 leopard geckos
  11 orcs
  3 giant cockroaches
  2 goblins
  5 hobgoblins
  4 jackals (D:3)
  A quokka (D:2)
  4 ball pythons
  2 bats (D:2)
  2 frilled lizards
  A jackal skeleton (D:7)
  7 kobolds
  8 rats
109 creatures vanquished.

Notes
Turn   | Place    | Note
-------+----------+-------------------------------------------
     0 | D:1      | kae the Draconian Transmuter began the quest for the Orb.
     0 | D:1      | Reached XP level 1. HP: 16/16 MP: 3/3
   225 | D:1      | Reached XP level 2. HP: 23/23 MP: 5/5
   543 | D:2      | Found a burning altar of Makhleb.
   546 | D:2      | Reached XP level 3. HP: 29/29 MP: 6/6
   857 | D:2      | Reached XP level 4. HP: 35/36 MP: 7/7
  1346 | D:3      | Found a shadowy altar of Dithmenos.
  1404 | D:3      | Reached skill level 4 in Unarmed Combat
  1642 | D:4      | Noticed a phantom
  1652 | D:4      | Killed a phantom
  1652 | D:4      | Reached XP level 5. HP: 39/42 MP: 7/9
  1816 | D:4      | Learned a level 2 spell: Sticks to Snakes
  1820 | D:4      | Learned a level 3 spell: Spider Form
  2423 | D:4      | Reached XP level 6. HP: 34/51 MP: 10/10
  2555 | D:4      | Reached skill level 5 in Unarmed Combat
  2827 | D:4      | Your scales start taking on a pale cyan-grey colour.
  2827 | D:4      | Reached XP level 7. HP: 52/57 MP: 5/12
  3007 | D:4      | Found a staircase to the Ecumenical Temple.
  3016 | Temple   | Entered the Ecumenical Temple
  3335 | D:4      | Found a sacrificial altar of Ru.
  3335 | D:4      | Found a shattered altar of Ashenzari.
  3335 | D:4      | Found a shimmering altar of Xom.
  3335 | D:4      | Found a radiant altar of Vehumet.
  3368 | D:4      | Found a hide-covered altar of Uskayaw.
  3370 | D:4      | Found a blossoming altar of Fedhas.
  3507 | D:5      | Entered Level 5 of the Dungeon
  3546 | D:5      | Found Adoupp's Antique Armour Shoppe.
  3733 | D:5      | Reached skill level 6 in Unarmed Combat
  4270 | D:5      | Found an ornate altar of the Wu Jian Council.
  4289 | D:5      | Became a worshipper of the Wu Jian Council
  5136 | D:6      | Reached XP level 8. HP: 67/67 MP: 14/14
  5551 | D:7      | Reached skill level 7 in Unarmed Combat
  5557 | D:7      | Reached * piety under Wu Jian
  5649 | D:7      | Reached skill level 5 in Fighting
  5649 | D:7      | Reached skill level 5 in Transmutations
  6228 | D:7      | Noticed Joseph
  6247 | D:7      | HP: 2/67 [Joseph/uncursed quarterstaff (8)]
  6249 | D:7      | Mangled by Joseph

Skill      XL: |  1  2  3  4  5  6  7  8 |
---------------+-------------------------+-----
Fighting       | 2 3 4 5 |  5.4
Unarmed Combat | 4 5 6 7 |  7.7
Transmutations | 3 4 5 |  5.3
Spellcasting   | 3 4 |  4.9
Dodging        | |  1.7

Action                   |  1- 3 |  4- 6 |  7- 9 || total
-------------------------+-------+-------+-------++-------
Melee: Hand axe          |    50 |   114 |   151 ||   315
       Unarmed           |     3 |    13 |    26 ||    42
       Tailslap          |     4 |    12 |    22 ||    38
       Punch             |       |     1 |     2 ||     3
       Headbutt          |       |     1 |       ||     1
 Cast: Beastly Appendage |     2 |     1 |       ||     3
       Spider Form       |       |     3 |     2 ||     5
Invok: Lunge             |       |       |     7 ||     7
 Abil: Breathe Steam     |       |       |     5 ||     5
  Use: Scroll            |       |     2 |    12 ||    14
 Stab: Sleeping          |     1 |     2 |     1 ||     4
  Eat: Chunk             |       |     7 |    20 ||    27
       Ration            |       |       |     1 ||     1
Armor: Skin              |    21 |    29 |    43 ||    93
Dodge: Dodged            |    34 |   110 |   116 ||   260
